 Dungeon Crawl Stone Soup version 0.25.1-2-g60ff931df9 (webtiles) character file.

Game seed: 11124068557617918949

2763 DogServant the Arsonist (level 9, -8/45 HPs)
             Began as a Deep Elf Fire Elementalist on Oct 18, 2020.
             Mangled by an orc warrior
             ... wielding a +0 battleaxe
              (19 damage)
             ... on level 7 of the Dungeon.
             The game lasted 00:16:07 (7889 turns).

DogServant the Arsonist (DEFE)                      Turns: 7889, Time: 00:16:08

Health: -8/45      AC:  8    Str:  5    XL:     9   Next: 42%
Magic:  8/15       EV: 13    Int: 23    God:
Gold:   293        SH:  0    Dex: 16    Spells: 7/14 levels left

rFire    . . .     SeeInvis .   d - +9 rapier "Yrchum" {protect, rN+ Stlth+}
rCold    . . .     Gourm    .   (no shield)
rNeg     + . .     Faith    .   a - +0 robe
rPois    .         Spirit   .   h - +0 hat
rElec    .         Reflect  .   x - +0 cloak
rCorr    .         Harm     .   t - +2 pair of gloves
MR       .....                  q - +1 pair of boots
Stlth    +++.......             n - amulet of the acrobat
HPRegen  0.15/turn              s - ring of wizardry
MPRegen  0.14/turn              (no ring)

@: no status effects
A: no striking features
a: no special abilities


You were on level 7 of the Dungeon.
You were not hungry.

You visited 1 branch of the dungeon, and saw 7 of its levels.

You collected 293 gold pieces.

Inventory:

Hand Weapons
 d - the +9 rapier "Yrchum" (weapon) {protect, rN+ Stlth+}
   (You found it on level 5 of the Dungeon)

   It grants its wielder temporary protection when it strikes (+7 to AC).
   It protects you from negative energy.
   It makes you more stealthy.
Missiles
 e - 15 javelins (quivered)
Armour
 a - a +0 robe (worn)
 h - a +0 hat (worn)
 q - a +1 pair of boots (worn)
 t - a +2 pair of gloves (worn)
 x - a +0 cloak (worn)
Jewellery
 n - an amulet of the acrobat (around neck)
 s - a ring of wizardry (left hand)
Wands
 u - a wand of random effects (10)
 v - a wand of enslavement (7)
 y - a wand of flame (25)
Scrolls
 g - 3 scrolls of immolation
 j - 2 scrolls of remove curse
 k - 2 scrolls of magic mapping
 m - a scroll of enchant weapon
Potions
 b - a potion of haste
 i - 2 potions of brilliance
 l - a potion of curing
 r - a potion of flight
Comestibles
 c - 9 rations


   Skills:
 - Level 2.4 Dodging
 - Level 2.4 Stealth
 - Level 3.0 Spellcasting
 + Level 8.5 Conjurations
 + Level 9.1 Hexes
 + Level 9.1 Fire Magic


You had 7 spell levels left.
You knew the following spells:

 Your Spells              Type           Power        Failure   Level  Hunger
a - Foxfire               Conj/Fire      ####         1%          1    None
b - Inner Flame           Hex/Fire       #####...     1%          3    ###....
c - Conjure Flame         Conj/Fire      #####...     1%          3    ###....

Your spell library contained the following spells:

 Spells                   Type           Power        Failure   Level  Hunger
 Sticky Flame             Conj/Fire      #####...     1%          4    ####...
 Fireball                 Conj/Fire      #####.....   3%          5    ######.


Dungeon Overview and Level Annotations

Branches:
Dungeon (7/15)
 Temple: D:4-7

Altars:
Cheibriados
Elyvilon
Hepliaklqana
Makhleb
Yredelemnul
Zin

Annotations:
D:5 Prince Ribbit
D:6 1 runed translucent door, Crazy Yiuf


Message History

Confirm with . or Enter, or press ? or * to list all spells.
You conjure some foxfire!
The orc warrior hits you with a +0 battleaxe!!
* * * LOW HITPOINT WARNING * * *
The orc warrior hits your foxfire with a +0 battleaxe!
The foxfire hits the orc warrior but does no damage. x2
Casting: Foxfire (safe; 1% risk of failure)
Confirm with . or Enter, or press ? or * to list all spells.
You conjure some foxfire!
Something hits you but does no damage.
The foxfire hits the orc warrior.
Flame seeps out of the orc warrior.
The orc warrior is lightly wounded.
The foxfire hits the orc warrior!
Flame seeps out of the orc warrior.
The orc warrior is heavily wounded.
The orc warrior is engulfed in blazing flames.
Flame seeps out of the orc warrior.
Casting: Foxfire (safe; 1% risk of failure)
Confirm with . or Enter, or press ? or * to list all spells.
You conjure some foxfire!
The orc warrior hits you with a +0 battleaxe!!
You die...

.#.....)#.#####........# #.#
#......)%..%.....+....# #.#
###)....%#.........#....# #..
.......)†#.........#+############
..o%.....#.......................
...{..#'#####.................###
......#.. #o.○.................
#####.#..# #...o..............+#
#.#..'. #..v@............#.##
#.#%.#hh#....v...........#...
#####.#%%#..#..............#.#.#.
......#######.........#.#.##.#.#.
.........+.................#.#.#.
.........#............#.#..#.#.#.
......##'#.................#.#.#.
#####...................##'#.#...
#........................#...


You could see an orc warrior (inner flame) and an orc priest.

Vanquished Creatures
  Pikel (D:6)
  A human (D:7)
  3 hogs (D:7)
  A black bear (D:4)
  An ogre (D:7)
  A phantom (D:4)
  3 centaurs
  Blork the orc (D:5)
  3 bullfrogs
  6 killer bees (D:7)
  4 wights (D:7)
  2 electric eels (D:7)
  A quasit (D:7)
  4 hounds
  An orc wizard (D:6)
  An iguana (D:7)
  4 worker ants
  2 hound skeletons (D:4)
  3 gnolls (D:4)
  8 adders
  A shadow imp (D:7)
  2 adder skeletons
  2 worms (D:3)
  2 dart slugs
  4 leopard geckos
  9 orcs
  3 giant cockroaches
  15 goblins
  10 hobgoblins
  6 jackals
  2 quokkas (D:4)
  7 ball pythons
  4 bats
  2 frilled lizards (D:1)
  10 kobolds
  A leopard gecko skeleton (D:4)
  6 rats
137 creatures vanquished.

Vanquished Creatures (others)
  An orc wizard (D:6)
  An orc (D:6)
  471 foxfires
473 creatures vanquished.

Grand Total: 610 creatures vanquished

Notes
Turn   | Place    | Note
-------+----------+-------------------------------------------
     0 | D:1      | DogServant the Deep Elf Fire Elementalist began the quest
                  | for the Orb.
     0 | D:1      | Reached XP level 1. HP: 10/10 MP: 6/6
   172 | D:1      | Reached XP level 2. HP: 15/15 MP: 5/8
   680 | D:1      | Reached XP level 3. HP: 18/19 MP: 6/9
  1194 | D:2      | Found a hazy altar of Hepliaklqana.
  1763 | D:2      | Reached XP level 4. HP: 24/24 MP: 6/10
  2503 | D:3      | Learned a level 3 spell: Inner Flame
  2507 | D:3      | Learned a level 3 spell: Conjure Flame
  3026 | D:3      | Reached skill level 1 in Hexes
  3026 | D:3      | Reached skill level 5 in Fire Magic
  3026 | D:3      | Reached XP level 5. HP: 26/28 MP: 6/11
  3133 | D:3      | Found a burning altar of Makhleb.
  3940 | D:4      | Reached XP level 6. HP: 27/32 MP: 5/12
  4441 | D:4      | Found a glowing silver altar of Zin.
  4483 | D:4      | Reached skill level 5 in Conjurations
  4788 | D:5      | Entered Level 5 of the Dungeon
  4799 | D:5      | Found a snail-covered altar of Cheibriados.
  4807 | D:5      | Got a crystal rapier
  4808 | D:5      | Identified the +9 rapier "Yrchum" {protect, rN+ Stlth+}
                  | (You found it on level 5 of the Dungeon)
  4871 | D:5      | Noticed Prince Ribbit
  4902 | D:5      | Noticed Blork the orc
  4915 | D:5      | Killed Blork the orc
  4915 | D:5      | Reached XP level 7. HP: 10/36 MP: 2/13
  5147 | D:6      | Noticed Pikel
  5331 | D:6      | Reached skill level 5 in Hexes
  5601 | D:6      | Found a white marble altar of Elyvilon.
  5908 | D:6      | Killed Pikel
  5908 | D:6      | Reached XP level 8. HP: 41/41 MP: 8/14
  6252 | D:6      | Found a runed translucent door.
  6253 | D:6      | Noticed Crazy Yiuf
  6322 | D:6      | You fall into a shaft and drop 1 floor!
  7003 | D:7      | Found a flagged portal.
  7400 | D:7      | Found a basalt altar of Yredelemnul.
  7423 | D:7      | Reached XP level 9. HP: 41/45 MP: 4/15
  7889 | D:7      | Mangled by an orc warrior

Illustrated notes

Levels and vault maps discovered:
D:1:      saegor_arrival_miasma, layout_basic, minmay_misc_feat_alley,
          minmay_tiny_reverse_x
D:2:      layout_basic, lemuel_round_altar
D:3:      layout_loops_ring, makhleb_blood_cavern_becter,
          minmay_fractal_squares_5
D:4:      layout_basic, kennysheep_mini_moat, serial_forest,
          infiniplex_forest_clump_medium, infiniplex_forest_corner_1,
          infiniplex_forest_clump_small, infiniplex_forest_end_double,
          infiniplex_forest_clump_curved, infiniplex_forest_lined_4_way,
          infiniplex_forest_lined_3, minmay_box_of_dots
D:5:      layout_rooms, first_ration, enter_ossuary_1, basic_altar,
          uniq_prince_ribbit1, uniq_blork_the_orc
D:6:      layout_basic, elyvilon_altar_4, temple_doors_cd,
          uniq_crazy_yiuf_cottage, uniq_pikel
D:7:      minmay_clustersquares, layout_gridville, serial_co_window_serial,
          co_window_paths_a, co_window_of_opportunity_a, co_window_paths_b,
          co_window_corner_a, co_window_paths_a, co_window_corner_b,
          co_window_corner_cb, co_window_of_opportunity_b,
          co_window_unsneaky_path_c, co_window_corner_b, glass_columns_a,
          glass_columns_a, glass_columns_b, glass_columns_a, enter_bailey_5,
          basic_altar, grunt_livestock, water_boxes_lemuel

Skill      XL: |  1  2  3  4  5  6  7  8  9 |
---------------+----------------------------+-----
Conjurations   | 2 3 4 5 6 7 8 |  8.5
Fire Magic     | 4 5 6 7 8 9 |  9.1
Hexes          | 1 2 4 6 8 9 |  9.1
Dodging        | |  2.4
Stealth        | |  2.4
Spellcasting   | |  3.0

Action                   |  1- 3 |  4- 6 |  7- 9 || total
-------------------------+-------+-------+-------++-------
Melee: Unarmed           |     2 |       |       ||     2
       Falchion          |       |    79 |       ||    79
       Rapier            |       |       |    30 ||    30
 Cast: Foxfire           |    79 |   114 |   103 ||   296
       Inner Flame       |       |     7 |     7 ||    14
       Conjure Flame     |       |     1 |     2 ||     3
  Use: Scroll            |       |    10 |     6 ||    16
       Potion            |       |       |     6 ||     6
  Eat: Chunk             |     2 |    10 |     1 ||    13
       Ration            |       |       |     3 ||     3
Armor: Robe              |     3 |    20 |    41 ||    64
Dodge: Dodged            |    14 |    41 |   127 ||   182
       Rpst.: Falchion   |       |    10 |       ||    10
